Map: Pillars of Gold LE

Players

Reynor - Winner!

  • Race: Zerg Zerg
  • Spawn Location: 1:00

HeroMarine

  • Race: Terran Terran
  • League: Master
  • Spawn Location: 7:00

Event: DreamHack SC2 Masters 2020 Summer Europe

VOD

Have the link to the VOD?

Description

Time

  • Played on: July 11, 2020, 1:57 p.m.
  • Length: 15:35

All games in this series

Show
View Real Time Build Order
Export as new Build Order

Reynor Zerg - Winner!

Build Orders: Hatch First, Lurkers 

Get SALT Encoding   

  12  0:02  Drone  
  13  0:13  Overlord  
  13  0:17  Drone  
  14  0:31  Drone x2  
  16  0:49  Hatchery  
  15  0:53  Drone  
  17  0:57  Drone  
  17  1:00  Drone  
  18  1:10  Extractor  
  17  1:16  Spawning Pool  
  16  1:19  Drone  
  16  1:23  Drone  
  18  1:28  Drone  
  19  1:39  Drone  
  20  1:50  Drone  
  21  2:01  Overlord  
  21  2:03  Zergling x2, Queen x2  
  26  2:11  Zergling x2  
  26  2:13  Drone  
  28  2:22  Drone  
  29  2:24  Drone  
  30  2:31  Spore Crawler  
  30  2:34  Drone x2  
  30  2:37  Spore Crawler  
  30  2:41  Metabolic Boost  
  30  2:44  Drone  
  30  2:49  Hatchery  
  30  2:52  Drone  
  30  2:56  Overlord  
  31  3:00  Drone  
  31  3:05  Drone  
  33  3:07  Drone  
  34  3:14  Drone  
  34  3:16  Drone x3  
  34  3:18  Queen  
  40  3:23  Overlord  
  40  3:29  Queen  
  40  3:31  Zergling x2  
  43  3:41  Drone  
  44  3:42  Drone x2  
  46  3:49  Zergling x4  
  46  3:50  Overlord  
  46  3:51  Drone  
  46  3:54  Drone  
  50  3:59  Drone  
  50  4:00  Queen  
  50  4:01  Zergling x2  
  54  4:03  Drone  
  54  4:06  Queen  
  57  4:10  Zergling x2  
  57  4:13  Zergling x4  
  60  4:21  Overlord  
  60  4:23  Drone  
  62  4:24  Drone  
  62  4:29  Overlord  
  62  4:36  Overlord  
  62  4:39  Drone x3  
  65  4:47  Drone x2  
  65  4:48  Overlord, Extractor  
  65  4:49  Drone x3  
  65  4:52  Drone  
  70  4:56  Drone  
  71  5:00  Drone  
  71  5:01  Evolution Chamber, Drone  
  71  5:02  Evolution Chamber  
  71  5:06  Queen, Drone  
  74  5:08  Overlord, Drone  
  74  5:09  Drone  
  74  5:11  Drone  
  74  5:14  Hatchery, Drone x4  
  77  5:17  Drone  
  81  5:26  Drone x2  
  81  5:27  Extractor  
  81  5:28  Zerg Melee Weapons Level 1, Zerg Ground Armor Level 1, Extractor  
  82  5:32  Overlord  
  82  5:33  Spore Crawler  
  82  5:35  Drone  
  81  5:37  Lair  
  81  5:40  Spore Crawler  
  81  5:41  Overlord, Drone  
  81  5:44  Drone, Baneling Nest  
  81  5:50  Drone x3  
  81  5:51  Drone x2  
  81  5:52  Drone x2  
  81  5:54  Zergling x2, Extractor  
  81  5:55  Zergling x2  
  89  5:58  Overlord  
  89  5:59  Zergling x2  
  89  6:00  Zergling x2  
  89  6:01  Drone  
  92  6:06  Zergling x2  
  92  6:11  Zergling x4  
  95  6:17  Zergling x2  
  96  6:20  Zergling x4  
  96  6:22  Zergling x14  
  105  6:27  Baneling x2  
  105  6:28  Baneling x6  
  105  6:29  Overlord  
  105  6:33  Zergling x4  
  105  6:34  Drone x2  
  105  6:35  Centrifical Hooks  
  105  6:37  Hydralisk Den  
  105  6:38  Zergling x2, Extractor  
  105  6:39  Drone  
  109  6:41  Baneling x2  
  109  6:44  Drone x2  
  111  6:47  Queen  
  111  6:50  Baneling x2  
  111  6:51  Zergling x10  
  111  6:52  Zergling x2  
  119  6:55  Drone  
  119  6:58  Overlord  
  120  7:03  Overlord  
  120  7:06  Overlord  
  120  7:14  Overlord, Lurker Den  
  119  7:16  Infestation Pit, Drone x3  
  119  7:17  Drone x3  
  119  7:18  Drone x2  
  119  7:21  Zergling x2  
  127  7:24  Zerg Ground Armor Level 2, Zerg Melee Weapons Level 2  
  127  7:25  Hydralisk  
  127  7:26  Zergling x2  
  127  7:29  Zergling x8  
  134  7:31  Drone  
  134  7:32  Drone  
  134  7:35  Drone x3  
  134  7:36  Hydralisk  
  139  7:38  Zergling x2  
  139  7:44  Baneling x7  
  142  7:46  Overlord  
  142  7:47  Hydralisk  
  142  7:48  Zergling x4  
  145  7:51  Drone x2  
  145  7:54  Hydralisk  
  145  7:56  Drone x3  
  149  8:01  Hive, Drone  
  149  8:03  Extractor  
  149  8:04  Extractor  
  149  8:05  Hydralisk  
  142  8:06  Zergling x14  
  142  8:08  Zergling x4  
  153  8:13  Overlord  
  153  8:21  Drone  
  154  8:28  Lurker x3  
  154  8:31  Zergling x2  
  154  8:32  Zergling x20  
  168  8:34  Baneling x2  
  168  8:35  Hatchery, Baneling x2  
  168  8:36  Overlord  
  168  8:38  Baneling x5  
  168  8:41  Zergling x2  
  168  8:43  Overlord  
  166  8:49  Lurker x2  
  166  8:50  Overlord  
  168  8:57  Zergling x8  
  168  8:58  Zergling x8  
  168  8:59  Overlord  
  176  9:09  Zergling x8  
  180  9:10  Overlord  
  174  9:17  Viper x3  
  174  9:22  Hydralisk  
  174  9:23  Zergling x18  
  172  9:25  Queen  
  172  9:26  Hydralisk  
  172  9:27  Zergling x4  
  172  9:29  Hydralisk x2  
  182  9:33  Baneling x4  
  182  9:34  Zergling x6  
  182  9:35  Zergling x8  
  182  9:36  Zergling x2  
  190  9:41  Hydralisk  
  190  9:42  Zergling x2  
  190  9:43  Hydralisk  
  190  9:45  Zergling x2  
  189  9:51  Zergling x2  
  185  9:54  Lurker x2  
  185  9:55  Zergling x4  
  185  9:56  Zergling x2  
  189  10:03  Overlord x2  
  189  10:13  Hatchery  
  184  10:16  Hatchery  
  184  10:18  Overlord  
  184  10:19  Adaptive Talons  
  180  10:25  Overlord  
  180  10:27  Overlord x4  
  180  10:28  Overlord x2  
  180  10:30  Pneumatized Carapace  
  180  10:40  Overlord  
  172  10:46  Zergling x6, Hydralisk  
  172  10:47  Zergling x2  
  172  10:48  Hydralisk  
  172  10:49  Zergling x6  
  176  10:50  Lurker x4  
  176  10:51  Zergling x2  
  176  10:52  Extractor  
  176  10:54  Zerg Ground Armor Level 3  
  179  10:59  Zergling x2, Hydralisk  
  179  11:02  Zergling x2  
  179  11:03  Baneling x5  
  179  11:04  Baneling x2  
  183  11:08  Zergling x2  
  183  11:11  Zergling x2, Hydralisk  
  178  11:19  Zergling x6  
  178  11:23  Seismic Spines  
  178  11:24  Hydralisk x2  
  178  11:25  Zergling x14  
  187  11:32  Zergling x2  
  185  11:36  Hydralisk  
  185  11:37  Zergling x4  
  188  11:40  Zergling x2  
  188  11:41  Lurker x3  
  188  11:42  Lurker  
  188  11:46  Zergling x6  
  193  11:52  Zergling x2, Hydralisk  
  196  11:57  Zergling x8  
  196  11:59  Zergling x4  
  188  12:02  Zergling x4  
  188  12:07  Hydralisk x2  
  182  12:10  Queen  
  182  12:11  Zergling x2  
  182  12:12  Zergling x2  
  182  12:15  Zergling x2  
  168  12:20  Zergling x4  
  155  12:23  Hydralisk x2  
  155  12:24  Zergling x10  
  155  12:28  Hydralisk x2  
  158  12:34  Zergling x4  
  158  12:36  Lurker  
  165  12:37  Queen, Lurker x4  
  165  12:38  Drone  
  165  12:39  Drone  
  169  12:45  Zergling x4  
  169  12:49  Zergling x4  
  173  12:54  Hydralisk x2  
  173  12:57  Hatchery  
  168  13:00  Zergling x2  
  168  13:01  Zergling x2  
  168  13:04  Zergling x6  
  160  13:08  Zergling x4  
  160  13:09  Hydralisk  
  160  13:12  Zergling x4  
  150  13:13  Queen  
  150  13:15  Zergling x4  
  150  13:18  Hydralisk x2  
  158  13:21  Zergling x2, Hydralisk  
  158  13:24  Zergling x6  
  158  13:27  Drone x7  
  165  13:30  Hydralisk  
  165  13:32  Zergling x2  
  174  13:34  Lurker x3  
  174  13:35  Zergling x2  
  174  13:38  Zergling x4  
  180  13:42  Drone x4  
  180  13:45  Zergling x4  
  182  13:52  Hydralisk  
  182  13:53  Zergling x4  
  182  13:54  Baneling x2  
  182  13:55  Baneling x2  
  186  13:56  Zergling x8  
  186  13:59  Zergling x4  
  186  14:00  Zergling x2  
  192  14:04  Zergling x6  
  192  14:08  Zergling x4  
  191  14:14  Zergling x12  
  191  14:16  Zergling x2  
  191  14:17  Queen  
  193  14:21  Zergling x2  
  193  14:22  Zergling x8  
  193  14:23  Hatchery  
  199  14:24  Spore Crawler  
  199  14:25  Lurker x2  
  192  14:35  Drone x2  
  192  14:37  Hydralisk x5, Spire  
  193  14:39  Zergling x8  
  193  14:40  Zergling x8  
  200  14:56  Spine Crawler, Drone  
  200  14:57  Drone  
  200  14:58  Drone  
  199  15:07  Zergling x2  
  199  15:08  Zergling x4  
Show
View Real Time Build Order
Export as new Build Order

HeroMarine Terran 

Build Orders: Hellion Opening, Reaper Expand 

Get SALT Encoding   

  12  0:00  SCV  
  13  0:12  SCV  
  14  0:17  Supply Depot  
  14  0:25  SCV  
  15  0:39  SCV  
  15  0:40  Barracks  
  16  0:45  Refinery  
  16  0:51  SCV  
  17  1:03  SCV  
  18  1:15  SCV  
  19  1:28  Reaper, Orbital Command  
  20  1:43  Command Center  
  20  1:53  Supply Depot  
  21  1:54  SCV  
  21  1:59  Marine  
  22  2:06  SCV  
  23  2:11  Factory  
  23  2:18  SCV  
  23  2:20  Refinery  
  24  2:22  Barracks Reactor  
  24  2:30  SCV  
  25  2:42  SCV  
  26  2:54  SCV  
  26  2:56  Orbital Command, Starport  
  27  3:03  Hellion x2  
  31  3:06  SCV  
  31  3:11  Barracks Tech Lab  
  32  3:18  SCV  
  33  3:22  SCV  
  33  3:24  Hellion  
  33  3:25  Hellion  
  38  3:28  Supply Depot  
  38  3:31  SCV  
  39  3:34  SCV  
  39  3:36  Viking  
  39  3:41  Stimpack  
  42  3:44  SCV  
  42  3:46  SCV  
  44  3:50  Hellion  
  44  3:51  Hellion  
  48  3:56  Supply Depot  
  48  3:58  SCV x2  
  48  4:01  Supply Depot  
  50  4:10  SCV x2  
  52  4:22  SCV x2, Factory Tech Lab  
  54  4:24  Command Center  
  54  4:31  Barracks  
  54  4:33  Starport Reactor  
  54  4:34  Barracks  
  54  4:36  SCV x2  
  56  4:41  Supply Depot  
  56  4:45  Siege Tank  
  59  4:48  SCV x2  
  61  4:58  Engineering Bay  
  61  4:59  Marine  
  61  5:00  Engineering Bay  
  61  5:02  SCV  
  61  5:03  SCV  
  61  5:05  Refinery  
  61  5:07  Refinery  
  63  5:13  Supply Depot  
  63  5:15  SCV x2  
  65  5:21  Combat Shield  
  65  5:23  Siege Tank  
  65  5:25  Starport Reactor  
  65  5:27  Marine x2  
  70  5:33  Terran Infantry Weapons Level 1, Terran Infantry Armor Level 1  
  70  5:34  Marine x3  
  75  5:36  Orbital Command  
  73  5:47  SCV x2  
  73  5:48  Marine, Barracks  
  76  5:50  Barracks  
  76  5:51  Marine  
  76  5:52  Marine x2  
  76  5:55  Marine  
  80  6:00  SCV, Supply Depot  
  80  6:01  SCV, Orbital Command  
  82  6:06  Marine  
  82  6:10  Medivac  
  82  6:11  Medivac  
  87  6:12  SCV  
  87  6:13  SCV  
  87  6:17  Supply Depot  
  89  6:19  Supply Depot  
  89  6:24  SCV, Marine x5  
  89  6:25  SCV  
  96  6:29  SCV  
  97  6:36  SCV  
  97  6:37  Barracks Reactor, SCV  
  97  6:38  Barracks Reactor  
  99  6:41  SCV  
  99  6:42  Marine x2  
  99  6:43  Supply Depot, Marine x3  
  99  6:46  Supply Depot  
  105  6:48  SCV  
  105  6:49  SCV  
  108  6:58  Armory  
  108  7:00  SCV, Supply Depot, Marine x2  
  108  7:01  SCV, Marine  
  112  7:03  Medivac x2  
  116  7:08  Siege Tank  
  116  7:09  Marine x2  
  116  7:14  Marine  
  122  7:15  Supply Depot  
  122  7:16  Supply Depot, Marine  
  122  7:18  Marine x4  
  127  7:32  Marine  
  127  7:36  Marine x2  
  130  7:37  Barracks x2  
  130  7:38  Barracks  
  130  7:39  Marine x2  
  130  7:40  Marine x4  
  136  7:46  Supply Depot  
  136  7:48  Terran Infantry Weapons Level 2  
  136  7:49  Terran Infantry Armor Level 2  
  136  7:50  Marine  
  137  7:54  Marine  
  136  8:02  Marine x4  
  139  8:07  Marine  
  139  8:08  Marine  
  139  8:12  Marine x3  
  142  8:14  Siege Tank  
  142  8:15  Medivac  
  142  8:16  Medivac  
  142  8:19  Supply Depot  
  151  8:20  Marine x4  
  151  8:25  Marine  
  156  8:28  Marine x4  
  156  8:30  Marine x2  
  156  8:33  Marine  
  163  8:37  Marine  
  163  8:38  Marine  
  163  8:40  Marine  
  166  8:41  Supply Depot  
  166  8:42  Supply Depot  
  166  8:47  Medivac x2, Marine x2  
  171  8:48  Marine  
  171  8:49  Marine  
  173  9:03  Marine x8  
  173  9:05  Supply Depot, Marine x2  
  173  9:06  Marine x2  
  173  9:07  Siege Tank  
  178  9:20  Marine x4  
  177  9:25  Medivac x2  
  177  9:27  Marine  
  177  9:28  Orbital Command, Marine x5  
  188  9:38  Marine x3  
  188  9:39  Siege Tank  
  188  9:45  Marine x4  
  162  9:46  Marine  
  162  9:47  Supply Depot  
  162  9:49  Marine  
  167  9:53  SCV x3  
  167  9:54  Marine  
  167  9:55  Marine x2  
  167  9:57  Marine  
  174  10:05  SCV x3  
  177  10:07  Marine  
  177  10:11  Siege Tank  
  177  10:12  Marine x2  
  183  10:17  SCV  
  183  10:20  Marine x3  
  187  10:23  Marine  
  187  10:31  Marine x2  
  189  10:39  Supply Depot  
  189  10:44  Marine x2  
  189  10:46  Siege Tank  
  178  10:53  Marauder, Marine x2  
  178  10:55  Marine x2  
  178  10:56  Marine x2  
  186  10:58  Marine  
  186  10:59  Orbital Command, Marine  
  187  11:13  Marine  
  187  11:17  Marine x2  
  187  11:18  Siege Tank  
  180  11:20  Marine x2  
  180  11:24  Supply Depot  
  180  11:25  Marine  
  174  11:26  Marine  
  174  11:32  Marine  
  176  11:35  Marine  
  176  11:36  Marine  
  169  11:40  Marine x2  
  169  11:42  Marine  
  169  11:43  Marine x6  
  169  11:44  Medivac x2  
  182  11:50  Marine, Siege Tank  
  182  11:53  Marine x2  
  188  11:58  Marine x2  
  188  12:00  Marine x2  
  185  12:04  Marine  
  185  12:07  Marine x3  
  171  12:08  Marine x2  
  171  12:12  Marine x2  
  158  12:15  Marine  
  158  12:17  Marine  
  158  12:18  Marine  
  158  12:19  Marine  
  158  12:22  SCV x2, Siege Tank  
  135  12:23  SCV  
  135  12:27  Liberator  
  124  12:34  SCV x2  
  124  12:35  SCV  
  124  12:37  Marine x3  
  127  12:39  Marine  
  127  12:40  Marine  
  132  12:53  Marine  
  132  12:54  Siege Tank  
  118  13:08  Liberator  
  118  13:11  Marine x2  
  113  13:13  Marine x2  
  113  13:14  Marine  
  113  13:18  Marine  
  113  13:19  Marine  
  118  13:26  Siege Tank  
  121  13:27  Marine x2  
  121  13:29  Marine x3, Liberator  
  121  13:31  Marine  
  121  13:32  Marine  
  129  13:37  Marine  
  129  13:38  Marine x2  
  129  13:40  Marine  
  132  13:53  Marine x2  
  132  13:54  Marine x2  
  131  13:55  Marine  
  131  13:58  Siege Tank  
  131  13:59  Marine  
  131  14:00  Marine  
  131  14:01  Marine x2  
  137  14:04  Marine  
  134  14:10  Liberator  
  134  14:12  Marine  
  134  14:13  Marine  
  117  14:17  Marine  
  117  14:18  Marine  
  117  14:21  Marine x2  
  103  14:33  Marine  
  103  14:34  Marine x3  
  105  14:40  Marine x2  
  105  14:44  Marine x2  
  104  14:46  Marine  
  104  14:47  Marine x3  
  104  14:51  Marine  
  109  14:54  Marine x3  
  109  14:58  Marine  
  109  15:00  Marine  
  109  15:01  Marine  
  109  15:04  Marine x2  
  107  15:07  Marine x2  
  107  15:08  Marine  
  107  15:09  Marine  
Tags
 
Add a new tag
Caveats
  • Supply blocks, unpowered buildings, or Contaminate may cause inaccurate times.
  • Supply counts are checked every 10 seconds.